 Dungeon Crawl Stone Soup version 0.31-a0-698-g4a7cf283bb (webtiles) character file.

Game seed: 5317293638908081494

48 qw the Shooter (level 3, 0/22 HPs)
             Began as a Gargoyle Hunter on Sept 7, 2023.
             Slain by a gnoll
             ... wielding a +0 spear
              (8 damage)
             ... on level 2 of the Dungeon.
             The game lasted 00:00:25 (1292 turns).

qw the Shooter (Gargoyle Hunter)                    Turns: 1292, Time: 00:00:25

Health: 0/22       AC:  6    Str: 14    XL:     3   Next: 72%
Magic:  3/3        EV: 11    Int:  9    God:
Gold:   107        SH:  0    Dex: 15    Spells: 2/2 levels left

rFire   . . .        Y - +0 shortbow
rCold   . . .        (shield currently unavailable)
rNeg    + . .        c - +0 leather armour
rPois   inf          (no helmet)
rElec   +            (no cloak)
rCorr   .            (no gloves)
SInv    .            (no boots)
Will    .....        h - amulet of the acrobat
Stlth   ++           (no ring)
HPRegen 0.23/turn    (no ring)
MPRegen 0.08/turn

%: acrobat
@: no status effects
A: sickness immunity, AC +3, negative energy resistance 1, electricity
resistance, torment resistance 1, petrification resistance
a: no special abilities


You were on level 2 of the Dungeon.
You visited 1 branch of the dungeon, and saw 2 of its levels.

You collected 107 gold pieces.


Innate Abilities, Weirdness & Mutations

You are immune to sickness and miasma.
Your stone body is resilient. (AC +3)
You are immune to poison.
You resist negative energy. (rN+)
You are resistant to electric shocks. (rElec)
You are resistant to unholy torment.
You are immune to petrification.


   Skills:
 + Level 2.9 Fighting
 - Level 5.0 Ranged Weapons
 - Level 1.5 Dodging
 - Level 1.1 Stealth


You had 2 spell levels left.
You didn't know any spells.
Your spell library was empty.

Inventory:

Hand Weapons
 Y - a +0 shortbow (weapon)
Armour
 c - a +0 leather armour (worn)
Jewellery
 h - an amulet of the acrobat (around neck)
Scrolls
 a - a scroll of teleportation
 k - a scroll of identify
Potions
 d - a potion of cancellation
 e - a potion of might
 f - a potion of enlightenment
 j - a potion of degeneration {unknown}

Dungeon Overview and Level Annotations

Branches:
Dungeon (2/15)

Altars:
Cheibriados

Shops:
D:1 [   D:2 (


Message History

The gnoll is severely wounded.
The gnoll hits you from afar with a +0 spear.
The gnoll hits you but does no damage. The gnoll barely misses you.
Enter note:
Enter note:
1283 |||
Found retreat position at 4,1 (floor) with 0 blocking monsters and 2 monsters attacking at destination at distance 4
1283 ||| Stepping ~*~*~tactically~*~*~ (retreating).
Enter note:
Enter note:
1284 |||
Found retreat position at 3,1 (floor) with 0 blocking monsters and 2 monsters attacking at destination at distance 3
1284 ||| Stepping ~*~*~tactically~*~*~ (retreating).
Enter note:
Enter note:
1285 |||
Found retreat position at 2,0 (floor) with 0 blocking monsters and 2 monsters attacking at destination at distance 2
1285 ||| Stepping ~*~*~tactically~*~*~ (retreating).
You shoot an arrow. The arrow hits the gnoll!
The gnoll is almost dead.
The gnoll closely misses you. The gnoll hits you but does no damage.
Enter note:
Enter note:
1287 |||
Found retreat position at 1,0 (floor) with 0 blocking monsters and 2 monsters attacking at destination at distance 1
1287 ||| Stepping ~*~*~tactically~*~*~ (retreating).
You shoot an arrow. The arrow barely misses the gnoll.
The arrow closely misses the gnoll.
The gnoll closely misses you. x2
You shoot an arrow. The arrow barely misses the gnoll. x2
The gnoll hits you with a +0 flail! The gnoll barely misses you.
You shoot an arrow.
The arrow hits the gnoll but does no damage.
The gnoll is almost dead.
The gnoll hits you with a +0 flail.
The gnoll hits you from afar with a +0 spear.
You shoot an arrow. The arrow hits the gnoll!
You kill the gnoll!
The gnoll hits you but does no damage.
You shoot an arrow. The arrow hits the gnoll.
The gnoll is severely wounded.
The gnoll closely misses you.
The gnoll hits you from afar with a +0 spear!
You die...

..#### #..#########.#
..## ##...........# ..
######...#### # ##.#
##.#.### ## #..g#####
#..#...####. #.....#
#.##........ #.###
###.##.#.#####
#...######../##)#.)#
###gg)@....####.##.####
#####...#####.##.....
#####.#..............
.%....##.............
.........###.#.......
#....................
#.....#.##.###.......
##.....#.##...........
......#.......#.......


You could see 2 gnolls.

Vanquished Creatures
  2 gnolls
  2 dart slugs (D:2)
  An orc (D:2)
  5 bats (D:1)
  2 endoplasms
  3 hobgoblins
  2 quokkas (D:1)
  2 ball pythons
  2 goblins (D:1)
  3 kobolds (D:1)
  A rat (D:1)
25 creatures vanquished.

Notes
Turn   | Place    | Note
-------+----------+-------------------------------------------
     0 | D:1      | qw the Gargoyle Hunter began the quest for the Orb.
     0 | D:1      | Reached XP level 1. HP: 12/12 MP: 1/1
     0 | D:1      | 0 ||| qw: Version: 0.3-a-76-g4403597
     0 | D:1      | 0 ||| qw: Game counter: 365
     0 | D:1      | 0 ||| qw: Melee chars always use a shield: true
     0 | D:1      | 0 ||| qw: God list: Okawaru
     0 | D:1      | 0 ||| qw: Allow faded altars: false
     0 | D:1      | 0 ||| qw: Do Orc after clearing Dungeon:15 true
     0 | D:1      | 0 ||| qw: Do second Lair branch before Depths: true
     0 | D:1      | 0 ||| qw: Lair rune preference: random
     0 | D:1      | 0 ||| qw: Goals: Normal
     0 | D:1      | 0 ||| PLANNING D:1-11
    34 | D:1      | Found Ofiagh's Antique Armour Boutique.
    71 | D:1      | 71 ||| SHOPLISTING dyed leather armour (125 gold, have 19).
    71 | D:1      | 71 ||| SHOPLISTING glimmering ring mail (225 gold, have
                  | 19).
    71 | D:1      | 71 ||| SHOPLISTING pair of glowing gloves (187 gold, have
                  | 19).
    71 | D:1      | 71 ||| SHOPLISTING ring mail (100 gold, have 19).
    71 | D:1      | 71 ||| SHOPLISTING shiny ring mail (175 gold, have 19).
   275 | D:1      | Reached XP level 2. HP: 17/17 MP: 2/2
   483 | D:1      | HP: 1/17 [gnoll/+0 spear (9)]
   825 | D:1      | Reached XP level 3. HP: 21/21 MP: 3/3
   969 | D:1      | Reached skill level 5 in Ranged Weapons
   975 | D:1      | 975 ||| UPGRADING to amulet of the acrobat.
   980 | D:1      | 980 ||| READING scroll labelled HEASEI JIRRU.
   985 | D:1      | 985 ||| READING scroll labelled TUSE POFIVINUDWIMN.
   986 | D:1      | 986 ||| READING 3 scrolls labelled VEKASK QUUNYOTYTU.
   987 | D:1      | 987 ||| DRINKING 2 viscous golden potions.
   988 | D:1      | 988 ||| DRINKING 2 grey potions.
   989 | D:1      | 989 ||| READING 2 scrolls of identify.
   989 | D:1      | 989 ||| IDENTIFYING fizzy yellow potion
   990 | D:1      | 990 ||| DROPPING scroll of butterflies.
  1123 | D:2      | Found Ydasmanei's Weapon Boutique.
  1158 | D:2      | Found a snail-covered altar of Cheibriados.
  1281 | D:2      | 1281 ||| Stepping ~*~*~tactically~*~*~ (retreating).
  1283 | D:2      | 1283 ||| Stepping ~*~*~tactically~*~*~ (retreating).
  1284 | D:2      | 1284 ||| Stepping ~*~*~tactically~*~*~ (retreating).
  1285 | D:2      | 1285 ||| Stepping ~*~*~tactically~*~*~ (retreating).
  1287 | D:2      | 1287 ||| Stepping ~*~*~tactically~*~*~ (retreating).
  1292 | D:2      | Slain by a gnoll

Levels and vault maps discovered:
D:1:      lemuel_arrival_cross, layout_basic, serial_shops,
          nicolae_diamond_shop, chequers_serial_rivers_micro_c,
          minmay_crystal_room, hangedman_decor_slide_cut
D:2:      layout_rooms, basic_altar, serial_shops,
          nicolae_shop_bloodbath_and_beyond

Skill      XL: |  1  2  3 |
---------------+----------+-----
Ranged Weapons | 5 |  5.0
Fighting       | |  2.9
Dodging        | |  1.5
Stealth        | |  1.1

Action                     || total
---------------------------++-------
   Fire: Shortbow          ||    84
    Use: Scroll            ||     4
         Potion            ||     2
 Armour: Leather armour    ||    24
  Dodge: Dodged            ||    25

Table legend:
 A = Non-vault XP
 B = Vault XP
 C = Vault XP percentage of total XP
 D = Non-vault monster count
 E = Vault monster count
 F = Vault count percentage of total count
                 A         B        C        D         E       F
            +---------+---------+-------+---------+---------+-------
      Total |      69 |       0 |   0.0 |      25 |       0 |   0.0
            +---------+---------+-------+---------+---------+-------
        D:1 |      39 |       0 |   0.0 |      18 |       0 |   0.0
        D:2 |      30 |       0 |   0.0 |       7 |       0 |   0.0
            +---------+---------+-------+---------+---------+-------
